 Dungeon Crawl Stone Soup version 0.24.0-1-gfbc8707 (webtiles) character file.

Game seed: 15744891467259469754, levelgen mode: deterministic

57 curiousnu the Chopper (level 3, 0/34 HPs)
             Began as a Minotaur Berserker on Nov 1, 2019.
             Was a Believer of Trog.
             Slain by a gnoll
             ... wielding a +0 halberd
              (12 damage)
             ... on level 2 of the Dungeon.
             The game lasted 00:03:41 (751 turns).

curiousnu the Chopper (Minotaur Berserker)           Turns: 751, Time: 00:03:42

Health: 0/34       AC:  2    Str: 22    XL:     3   Next: 73%
Magic:  2/2        EV:  6    Int:  4    God:    Trog [**....]
Gold:   122        SH:  0    Dex:  9    Spells: 2/2 levels left

rFire    . . .     SeeInvis .   a - +0 hand axe
rCold    . . .     Gourm    .   (no shield)
rNeg     . . .     Faith    .   b - +0 animal skin
rPois    .         Spirit   .   (helmet restricted)
rElec    .         Reflect  .   (no cloak)
rCorr    .         Harm     .   (no gloves)
MR       ++...                  (no boots)
Stlth    +.........             (no amulet)
HPRegen  1.11/turn              (no ring)
MPRegen  0.08/turn              (no ring)

@: held, regenerating
A: retaliatory headbutt, horns 2
a: Berserk, Trog's Hand, Renounce Religion


You were on level 2 of the Dungeon.
You worshipped Trog.
Trog was pleased with you.
You were not hungry.

You visited 1 branch of the dungeon, and saw 2 of its levels.

You collected 122 gold pieces.

Inventory:

Hand Weapons
 a - a +0 hand axe (weapon)
Armour
 b - a +0 animal skin (worn)
 k - a scarf of resistance
Scrolls
 e - a scroll of remove curse {unknown}
 i - a scroll of teleportation {unknown}
 l - a scroll of identify {unknown}
Potions
 d - a potion of ambrosia {unknown}
 f - a potion of degeneration {unknown}
 g - 2 potions of haste {unknown}
 h - 2 potions of heal wounds {unknown}
 j - a potion of cancellation {unknown}
Comestibles
 c - 2 rations


   Skills:
 + Level 4.4 Fighting
 + Level 4.8 Axes
 * Level 2.9 Armour
 - Level 2.1 Dodging


You had 2 spell levels left.
You didn't know any spells.
Your spell library was empty.

Dungeon Overview and Level Annotations

Branches:
Dungeon (2/15)

Altars:


Innate Abilities, Weirdness & Mutations

You reflexively headbutt those who attack you in melee.
You have a pair of horns on your head.


Message History

You see here 11 stones.
You see here 19 stones.
c - 2 rations (gained 1)
A gnoll comes into view. It is wielding a +0 flail.
The gnoll shouts!
A gnoll comes into view. It is wielding a +0 whip.
A gnoll comes into view. It is wielding a +0 halberd.
The gnoll moves out of view.
The gnoll shouts! x2
The gnoll throws a throwing net.
The throwing net hits you.
You become entangled in the net!
You see here a throwing net.
Your skin crawls.
You feel resistant to hostile enchantments.
You feel quite a bit more hungry.
A gnoll comes into view. It is wielding a +0 whip.
You struggle against the net.
The gnoll hits you with a +0 flail!
You struggle against the net.
The gnoll hits you with a +0 flail!
The gnoll hits you from afar with a +0 halberd!
You die...

####.## #.....# ......
#.....## #..g...
#......# #......
#......# #....g.
#......## ...... #####
#.......## ...g##...#
#.....#.##...#.#.#.#.###
#.....#..#.....g@......#
#.....##.###.#.#.#.###.#
########.###.<......##.#
#..##.#.#.#.###.#
##.##........##.#
#..#.#.#.#.###.#
##.#........##.#
#(†.#.#.#.###.#
##.........##.#


You could see 4 gnolls.

Vanquished Creatures
  An ooze (D:1)
  2 worms (D:2)
  3 leopard geckos
  A giant cockroach (D:1)
  3 goblins
  9 hobgoblins
  7 kobolds
  A ball python (D:1)
  8 bats
  4 frilled lizards
  5 rats
44 creatures vanquished.

Notes
Turn   | Place    | Note
-------+----------+-------------------------------------------
     0 | D:1      | curiousnu the Minotaur Berserker began the quest for the
                  | Orb.
     0 | D:1      | Reached XP level 1. HP: 19/19 MP: 0/0
    41 | D:1      | Reached XP level 2. HP: 18/27 MP: 1/1
   248 | D:1      | Reached XP level 3. HP: 22/33 MP: 2/2
   430 | D:2      | Reached ** piety under Trog
   751 | D:2      | Slain by a gnoll

Levels and vault maps discovered:
D:1:      minmay_arrival_cross, layout_rooms, st_stairs_6
D:2:      layout_basic, st_stairs_12

Skill      XL: |  1 |
---------------+----+-----
Fighting       | 4 |  4.4
Axes           | 4 |  4.8
Armour         | |  2.9
Dodging        | |  2.1

Action                   || total
-------------------------++-------
Melee: Hand axe          ||    73
       Headbutt          ||     9
Invok: Trog's Hand       ||     1
Armor: Animal skin       ||    15
Dodge: Dodged            ||    70
